 Dungeon Crawl Stone Soup version 0.28-a0-1629-gf728b707aa (webtiles) character file.

Game seed: 11621533157858925406

261 porpoise the Sneak (level 6, -3/43 HPs)
             Began as an Octopode Brigand on Jan 25, 2022.
             Slain by a gnoll (7 damage)
             ... on level 3 of the Dungeon.
             The game lasted 00:07:00 (1993 turns).

porpoise the Sneak (Octopode Brigand)               Turns: 1993, Time: 00:07:01

Health: -3/43      AC:  1    Str: 12    XL:     6   Next: 18%
Magic:  6/6        EV: 12    Int: 14    God:
Gold:   107        SH:  0    Dex: 13    Spells: 5/5 levels left

rFire   . . .      SeeInvis .   a - +2 short sword (venom)
rCold   . . .      Faith    .   (no shield)
rNeg    . . .      Spirit   .   (helmet restricted)
rPois   .          Reflect  .   (no amulet)
rElec   .          Harm     .   (no ring)
rCorr   .          Rampage  .   (no ring)
Will    .....                   (no ring)
Stlth   ++++......              (no ring)
HPRegen 0.14/turn               (no ring)
MPRegen 0.10/turn               (no ring)
                                (no ring)
                                (no ring)

@: invisible
A: almost no armour, amphibious, 8 rings, camouflage 1, gelatinous body 1,
(nimble swimmer 1), tentacles
a: no special abilities


You were on level 3 of the Dungeon.
You visited 1 branch of the dungeon, and saw 3 of its levels.

You collected 107 gold pieces.

Inventory:

Hand Weapons
 a - a +2 short sword of venom (weapon)
 w - a +2 dagger
Missiles
 b - 7 poisoned darts (quivered)
 c - 2 curare-tipped darts
 d - 44 stones
 f - 54 sling bullets
 l - 20 arrows
 p - 2 throwing nets
Wands
 n - a wand of digging (7)
Scrolls
 e - a scroll of vulnerability {unknown}
 h - a scroll of amnesia {unknown}
 i - 2 scrolls of blinking {unknown}
 j - a scroll of silence {unknown}
Potions
 k - a potion of heal wounds {unknown}
 m - a potion of brilliance
 o - a potion of might {unknown}


   Skills:
 + Level 3.9 Fighting
 + Level 3.9 Short Blades
 - Level 2.0 Throwing
 - Level 1.0 Dodging
 + Level 7.3 Stealth


You had 5 spell levels left.
You didn't know any spells.
Your spell library contained the following spells:

 Spells                   Type           Power      Damage    Failure   Level
 Apportation              Tloc           0%         N/A       28%         1
 Alistair's Intoxication  Tmut/Pois      0%         N/A       100%        5


Dungeon Overview and Level Annotations

Branches:
Dungeon (3/15)

Altars:

Annotations:
D:3 1 transporter, Clumpoid's ghost, amateur GnFi


Innate Abilities, Weirdness & Mutations

You cannot wear most types of armour.
You are amphibious.
You can wear up to eight rings at the same time.
Your skin changes colour to match your surroundings (Stealth+).
Your rubbery body absorbs attacks. (AC +1, EV +1)
((You are camouflaged when in or above water. (Stealth+)))
You have tentacles for arms and can constrict up to eight enemies at once.


Message History

p - 2 throwing nets You see here a +2 halberd of venom.
You feel sick.
A gnoll is nearby!
A gnoll is nearby!
You feel sick.
You start resting.
You feel sick. x5
A gnoll is nearby!
You feel sick.
You are no longer poisoned.
There is an open translucent door here.
You close the door.
You start resting.
A gnoll is nearby!
You open the door.
There is an open translucent door here.
You start resting.
Clumpoid's ghost is nearby!
You see here a +2 halberd of venom.
The gnoll throws a throwing net.
The throwing net barely misses you.
You see here a throwing net.
Throw: 8 darts (poison)
Press: ? - help, Q - select action, (/) - cycle Shift-Dir - straight line, f - gnoll
Aim: a gnoll, wielding a +0 vampiric halberd and quivering a throwing net (63% to hit)
You throw a poisoned dart. The poisoned dart hits the gnoll.
The gnoll is poisoned.
It was a potion of invisibility.
You fade into invisibility!
The gnoll throws a throwing net.
The gnoll misses you.
You closely miss the gnoll. You grab the gnoll.
The gnoll is moderately wounded.
You constrict the gnoll.
The gnoll hits you with a +0 vampiric halberd.
* * * LOW HITPOINT WARNING * * *
You hit the gnoll.
The gnoll looks even sicker.
The gnoll is severely wounded.
You constrict the gnoll.
You kill the gnoll!
The gnoll hits you with a +0 spear!
You die...

#........##....# #.#.#.
#.#.....[......#####.#...
#........................
#..≈≈≈≈≈†≈≈≈≈≈≈≈≈≈≈≈≈≈≈≈≈
#..≈≈≈≈≈≈≈≈≈≈≈≈≈≈≈≈≈≈≈≈≈≈
#..≈≈#####...........####
#..≈≈#(8.#.###.©.###.#.8.
##.≈≈#(..###.#####W###...
#.≈≈###@).(.).........##
#.≈≈.8#g##+###'######.#
#.≈≈.##.#P.P#..8#W.$#.#
#.≈≈.#..'..)).©⌠#:.$+ .
#.≈≈.##.#P.P#P.8#$.$#.##
#.≈≈.8#.##'###+######
##.≈≈###..........
#..≈≈#...###.#####g#
#..≈≈#.8.#.###.©.###.#.


You could see a gnoll.

Vanquished Creatures
  Sigmund (D:2)
  4 gnolls (D:3)
  2 adders (D:2)
  A worm (D:2)
  A dart slug (D:2)
  4 endoplasms (D:1)
  2 giant cockroaches
  4 goblins
  A hobgoblin (D:2)
  4 jackals (D:1)
  2 quokkas
  3 ball pythons
  7 bats
  5 frilled lizards
  5 kobolds
  6 rats
52 creatures vanquished.

Vanquished Creatures (others)
  A plant (D:3)
1 creature vanquished.

Grand Total: 53 creatures vanquished

Notes
Turn   | Place    | Note
-------+----------+-------------------------------------------
     0 | D:1      | porpoise the Octopode Brigand began the quest for the Orb.
     0 | D:1      | Reached XP level 1. HP: 14/14 MP: 1/1
   156 | D:1      | Reached XP level 2. HP: 11/19 MP: 2/2
   986 | D:1      | Reached XP level 3. HP: 25/25 MP: 3/3
  1234 | D:2      | Reached skill level 6 in Stealth
  1547 | D:2      | Reached XP level 4. HP: 30/30 MP: 4/4
  1654 | D:2      | Identified the +1 helmet "Meatetoss" {Harm rPois rN+ Str-3}
  1708 | D:2      | Noticed Sigmund
  1740 | D:2      | Killed Sigmund
  1741 | D:2      | Reached skill level 7 in Stealth
  1741 | D:2      | Reached XP level 5. HP: 37/37 MP: 5/5
  1741 | D:2      | Reached XP level 6. HP: 43/43 MP: 6/6
  1877 | D:3      | Found a transporter.
  1884 | D:3      | Noticed Clumpoid's ghost (amateur GnFi)
  1922 | D:3      | Found a transporter.
  1993 | D:3      | Slain by a gnoll

Illustrated notes

Levels and vault maps discovered:
D:1:      nicolae_arrival_washed_ashore, layout_basic
D:2:      layout_rooms, mrwooster_statue_mirror, minmay_diced_spiral,
          uniq_sigmund
D:3:      minmay_angry_zag, layout_basic, ebering_ecumenical_altar_petrified,
          gammafunk_ghost_gnarly_gnolls, uniq_grinder

Skill      XL: |  1  2  3  4 |
---------------+-------------+-----
Stealth        | 6 7 |  7.3
Fighting       | 3 |  3.9
Short Blades   | 3 |  3.9
Throwing       | |  2.0
Dodging        | |  1.0

Action                   |  1- 3 |  4- 6 || total
-------------------------+-------+-------++-------
Melee: Short sword       |    57 |    20 ||    77
       Constrict         |     8 |     5 ||    13
       Tentacles         |     4 |     3 ||     7
       Punch             |       |     1 ||     1
Throw: Dart              |     2 |     6 ||     8
  Use: Potion            |       |     1 ||     1
 Stab: Sleeping          |    15 |     4 ||    19
Armor: Skin              |     4 |       ||     4
Dodge: Dodged            |    36 |     7 ||    43

Table legend: (Time is in decaauts)
 A = Elapsed time spent in this place.
 B = Non-inter-level travel time spent in this place.
 C = Inter-level travel time spent in this place.
 D = Time resting spent in this place.
 E = Time spent auto-exploring this place.
 F = Levels seen in this place.
 G = Mean time per level.
                   A        B        C        D        E       F      G
               +--------+--------+--------+--------+--------+-----+--------+
         Total |   1986 |   1968 |     18 |    404 |   1045 |   3 |  662.0 |
       Dungeon |   1986 |   1968 |     18 |    404 |   1045 |   3 |  662.0 |
               +--------+--------+--------+--------+--------+-----+--------+

Top non-repeatable levels by time:
     D:1: 1187 daAuts
     D:2: 664 daAuts
     D:3: 134 daAuts
